 Dungeon Crawl Stone Soup version 0.30.0-11-gf55b779eaf (webtiles) character file.

Game seed: 2205904567176155189

59 adizb the Poker (level 4, -2/42 HPs)
             Began as a Naga Monk on May 16, 2023.
             Slain by Terence
             ... wielding a +0 mace
              (5 damage)
             ... on level 2 of the Dungeon.
             The game lasted 00:08:41 (1530 turns).

adizb the Poker (Naga Monk)                         Turns: 1530, Time: 00:08:44

Health: -2/42      AC:  3    Str: 16    XL:     4   Next: 3%
Magic:  4/4        EV: 10    Int: 10    God:
Gold:   129        SH:  0    Dex: 13    Spells: 3/3 levels left

rFire   . . .        e - +0 trident
rCold   . . .        (no shield)
rNeg    . . .        k - +0 leather armour
rPois   +            q - +1 hat
rElec   .            (no cloak)
rCorr   .            (no gloves)
SInv    +            (no barding)
Will    .....        (no amulet)
Stlth   ++           (no ring)
HPRegen 0.27/turn    (no ring)
MPRegen 0.09/turn

%: no passive effects
@: very slow
A: AC +1, large, see invisible, deformed body, poison resistance, slowness 2,
spit poison 1, naga tail 1
a: Spit Poison


You were on level 2 of the Dungeon.
You visited 1 branch of the dungeon, and saw 3 of its levels.

You collected 129 gold pieces.

Inventory:

Hand Weapons
 e - a +0 trident (weapon)
Armour
 k - a +0 leather armour (worn)
 q - a +1 hat (worn)
Jewellery
 b - a ring of ice
Scrolls
 j - a scroll of teleportation {unknown}
 l - a scroll of fog {unknown}
 n - a scroll of vulnerability {unknown}
 o - a scroll of silence {unknown}
Potions
 a - 2 potions of curing {unknown}
 c - a potion of ambrosia
 d - a potion of flight {unknown}
 f - 2 potions of brilliance {unknown}
 g - a potion of magic
 h - a potion of mutation {unknown}
 m - a potion of invisibility {unknown}
 p - a potion of attraction {unknown}


   Skills:
 + Level 3.5 Fighting
 * Level 4.0 Polearms
 - Level 2.4 Dodging
 + Level 2.5 Stealth


You had 3 spell levels left.
You didn't know any spells.
Your spell library was empty.

Dungeon Overview and Level Annotations

Branches:
Dungeon (3/15)

Altars:
Yredelemnul

Annotations:
D:2 Terence


Innate Abilities, Weirdness & Mutations

Your serpentine skin is tough. (AC +1)
You have supernaturally acute eyesight. (SInv)
Armour fits poorly on your strangely shaped body.
Your system is resistant to poisons. (rPois)
You cover ground very slowly.
You can spit poison.
You have a snake-like lower body.


Message History

You barely miss Terence.
Terence is heavily wounded.
The quokka misses you. Terence closely misses you.
The quokka bites you but does no damage.
You closely miss Terence.
Terence is heavily wounded.
You have got your breath back.
Terence looks more healthy.
Terence hits you but does no damage. The quokka completely misses you.
You barely miss Terence.
Terence is heavily wounded.
The quokka bites you. Terence hits you with a +0 mace.
Aiming: Spit Poison (1% risk of failure)
Press: ? - help, Q - select action Shift-Dir - straight line, f/p - Terence
Aim: Terence, wielding a +0 mace and wearing a +0 ring mail (heavily wounded, 65% to hit)
The splash of poison hits Terence but does no damage.
Terence is heavily wounded.
The quokka bites you but does no damage.
Terence hits you with a +0 mace! The quokka bites you.
* * * LOW HITPOINT WARNING * * *
As you read the scroll of fear, it crumbles to dust.
You assume a fearsome visage.
The quokka looks frightened!
Terence looks frightened!
Reach: e) +0 trident
Press: ? - help, Dir - move target, f/p - Terence
Aim: Terence, wielding a +0 mace and wearing a +0 ring mail (heavily wounded, fleeing, about 37% to evade your +0 trident)
You reach to attack!
You hit Terence.
Your attack snaps Terence out of his fear.
Terence is severely wounded.
You completely miss Terence.
Terence is severely wounded.
Terence hits you with a +0 mace.
* * * LOW HITPOINT WARNING * * *
You hit Terence.
Terence is severely wounded.
You have got your breath back.
Terence hits you with a +0 mace!
* * * LOW HITPOINT WARNING * * *
Terence hits you with a +0 mace.
You die...

.......##...## #....#..).......
.......##....# #....#.....##.#.
.......#####.#####...............
.......# #................<...#
######## ######................
#####.....#..........
###.........#..........
#...##......#..........
#.####@...#.#..........
###.###@(#..#)#####.###..
#....#..##......##..#####
#.......###.#.#..####...#
#................##...... #######
#.....#####.....##...###.
......###..r............#...##.##
.............#####..#####...##...
.......##....# #..##...##...####


You could see Terence and a quokka (fleeing).

Vanquished Creatures
  2 adders (D:2)
  4 ball pythons
  3 bats (D:2)
  3 endoplasms
  2 giant cockroaches
  5 goblins
  5 hobgoblins
  2 jackals (D:2)
  2 quokkas
  3 frilled lizards
  5 kobolds
  3 rats
39 creatures vanquished.

Notes
Turn   | Place    | Note
-------+----------+-------------------------------------------
     0 | D:1      | adizb the Naga Monk began the quest for the Orb.
     0 | D:1      | Reached XP level 1. HP: 21/21 MP: 1/1
   301 | D:1      | Reached skill level 1 in Stealth
   310 | D:1      | Reached XP level 2. HP: 28/28 MP: 2/2
   931 | D:2      | Reached XP level 3. HP: 23/34 MP: 3/3
  1123 | D:2      | Found a faded altar of an unknown god.
  1175 | D:2      | Found a basalt altar of Yredelemnul.
  1450 | D:2      | Reached skill level 4 in Polearms
  1455 | D:2      | Reached XP level 4. HP: 42/42 MP: 4/4
  1514 | D:3      | Noticed Terence
  1516 | D:3      | Noticed a water moccasin
  1530 | D:2      | Slain by Terence

Illustrated notes

Levels and vault maps discovered:
D:1:      shiori_arrival_elements, layout_basic
D:2:      layout_rooms, hellmonk_ecumenical_altar_arch_garden, basic_altar,
          minmay_puff
D:3:      layout_rooms, zin_purify, uniq_terence

Skill      XL: |  1  2  3 |
---------------+----------+-----
Stealth        | 1 2 |  2.5
Polearms       | 4 |  4.0
Fighting       | |  3.5
Dodging        | |  2.4

Action                     |  1- 3 |  4- 6 || total
---------------------------+-------+-------++-------
  Melee: Trident           |    74 |    10 ||    84
         Punch             |       |     1 ||     1
Ability: Spit Poison       |    28 |     3 ||    31
    Use: Scroll            |     2 |     1 ||     3
 Armour: Robe              |     3 |       ||     3
         Leather armour    |     9 |     5 ||    14
  Dodge: Dodged            |    57 |     9 ||    66
